 Dungeon Crawl Stone Soup version 0.21-a0-426-g98080a9 (webtiles) character file.

58 tof the Slasher (level 3, -2/33 HPs)
             Began as a Minotaur Berserker on Nov 6, 2017.
             Was a Follower of Trog.
             Slain by a worm (8 damage)
             ... on level 2 of the Dungeon.
             The game lasted 00:02:28 (1010 turns).

tof the Slasher (Minotaur Berserker)                Turns: 1010, Time: 00:02:29

Health: -2/33      AC:  3    Str: 21    XL:     3   Next: 75%
Magic:  2/2        EV: 12    Int:  4    God:    Trog [*.....]
Gold:   103        SH:  0    Dex: 10    Spells: 2/2 levels left

rFire    . . .     SeeInvis .   f - +0 short sword (curse)
rCold    . . .     Gourm    .   (no shield)
rNeg     . . .     Faith    .   b - +0 animal skin
rPois    .         Spirit   .   (helmet restricted)
rElec    .         Reflect  .   n - +0 cloak (curse)
rCorr    .         Harm     .   (no gloves)
MR       .....                  (no boots)
Stlth    +.........             (no amulet)
HPRegen  0.11/turn              (no ring)
MPRegen  0.08/turn              (no ring)

@: lethally poisoned (-2 -> -8), very slow
A: retaliatory headbutt, horns 2
a: Berserk, Burn Spellbooks, Renounce Religion


You were on level 2 of the Dungeon.
You worshipped Trog.
Trog was aware of your devotion.
You were not hungry.

You visited 1 branch of the dungeon, and saw 2 of its levels.

You collected 103 gold pieces.

Inventory:

Hand Weapons
 a - a +0 falchion
 f - a cursed +0 short sword (weapon)
Armour
 b - a +0 animal skin (worn)
 n - a cursed +0 cloak (worn)
Jewellery
 p - a +2 ring of protection {unknown}
Scrolls
 d - a scroll of enchant armour {unknown}
 e - a scroll of remove curse {unknown}
 g - 3 scrolls of enchant weapon {unknown}
 m - 2 scrolls of identify {unknown}
Potions
 h - a potion of lignification {unknown}
 i - a potion of brilliance {unknown}
 j - a potion of curing {unknown}
 k - a potion of cancellation {unknown}
 l - a potion of heal wounds {unknown}
 o - a potion of ambrosia {unknown}
Comestibles
 c - 2 bread rations


   Skills:
 + Level 4.1 Fighting
 * Level 4.5 Long Blades
 + Level 3.1 Armour
 + Level 2.8 Dodging


You had 2 spell levels left.
You didn't know any spells.

Dungeon Overview and Level Annotations

Branches:
Dungeon (2/15)

Altars:


Innate Abilities, Weirdness & Mutations

You reflexively headbutt those who attack you in melee.
You have a pair of horns on your head.


Message History

You headbutt the adder, but do no damage.
You feel sick.
The leopard gecko bites you but does no damage.
The adder bites you.
You are more poisoned.
The adder poisons you! The worm bites you!
* * * LOW HITPOINT WARNING * * *
The leopard gecko splashes around in the water.
You hit the adder. Your headbutt misses the adder.
The adder is lightly wounded.
The adder barely misses you. You furiously retaliate!
You headbutt the adder.
The leopard gecko bites you but does no damage.
Your unstable footing causes you to fumble your attack.
* * * LOW HITPOINT WARNING * * *
You feel sick. The adder closely misses you. You furiously retaliate!
You headbutt the adder!
You kill the adder!
Trog accepts your kill. The worm bites you!
You die...

!...................
######.######..#.##
#...# ##.#.#
#########.### #.#.#
.≈..≈.≈≈#.# #...#
≈≈.%≈.≈.#.# ##..#
≈≈≈≈≈≈.≈#.# #..#
≈≈≈≈≈≈lw#$# ##.#
≈≈≈≈≈≈.@#.# #.#
≈.≈≈≈≈....#
########.#
._.≈≈≈..!.#
#...[....##
...≈≈≈....#
#..........
≈≈≈≈≈≈..###
########..#
≈≈≈≈≈≈≈≈. ..........
≈≈≈≈≈≈≈≈# ########..
..≈≈≈≈... ##.
.≈≈..≈≈ #.


You could see a worm and a leopard gecko.

Vanquished Creatures
  3 adders (D:2)
  2 dart slugs
  3 giant cockroaches
  2 goblins
  5 hobgoblins
  5 kobolds
  3 bats
  A frilled lizard (D:2)
  3 rats
27 creatures vanquished.

Vanquished Creatures (others)
  A draconian (D:1)
  A gargoyle (D:1)
  A formicid (D:1)
  A vampire (D:1)
  A naga (D:1)
  An ogre (D:1)
  A dwarf (D:1)
  3 orcs (D:1)
  2 kobolds (D:1)
  6 tentacles (D:1)
18 creatures vanquished.

Grand Total: 45 creatures vanquished

Notes
Turn   | Place    | Note
-------+----------+-------------------------------------------
     0 | D:1      | tof the Minotaur Berserker began the quest for the Orb.
     0 | D:1      | Reached XP level 1. HP: 19/19 MP: 0/0
     0 | D:1      | Noticed a draconian
     0 | D:1      | Noticed a vampire
     0 | D:1      | Noticed a naga
     0 | D:1      | Noticed a gargoyle
     0 | D:1      | Noticed a kraken
     0 | D:1      | Noticed a dwarf
     0 | D:1      | Noticed an ogre
     0 | D:1      | Noticed a formicid
     3 | D:1      | Killed an ogre
     5 | D:1      | Killed a gargoyle
     8 | D:1      | Killed a naga
     8 | D:1      | Killed a draconian
     9 | D:1      | Killed a vampire
     9 | D:1      | Killed a dwarf
     9 | D:1      | Killed a formicid
   160 | D:1      | Reached XP level 2. HP: 10/27 MP: 1/1
   742 | D:2      | Reached XP level 3. HP: 27/33 MP: 2/2
  1001 | D:2      | Found a faded altar of an unknown god.
  1010 | D:2      | Slain by a worm

Vault maps used:
D:1:      nicolae_arrival_kraken_aquarium_a, minmay_misc_feat_roman,
          minmay_misc_feat_x, item_on_display_a
D:2:      first_bread, chequers_ecumenical_altar_island, st_stairs_12,
          nicolae_ru_path_of_blood

Skill      XL: |  1  2  3 |
---------------+----------+-----
Long Blades    | 4 |  4.5
Fighting       | 4 |  4.1
Armour         | 3 |  3.1
Dodging        | |  2.8

Action                   || total
-------------------------++-------
Melee: Short sword       ||    63
       Headbutt          ||    15
Armor: Animal skin       ||    17
Dodge: Dodged            ||    35

Table legend:
 A = Spawn XP
 B = Non-spawn XP
 C = Spawn XP percentage of total XP
 D = Spawn monster count
 E = Non-spawn monster count
 F = Spawn count percentage of total count
 G = Total turns spent on level
                    A         B        C        D         E        F      G
               +---------+---------+-------+---------+---------+-------+---------
         Total |       0 |      83 |   0.0 |       0 |      27 |   0.0 |  1010
               +---------+---------+-------+---------+---------+-------+---------
           D:1 |       0 |      21 |   0.0 |       0 |      12 |   0.0 |   570
           D:2 |       0 |      62 |   0.0 |       0 |      15 |   0.0 |   440
               +---------+---------+-------+---------+---------+-------+---------
